 Dungeon Crawl Stone Soup version 0.21.1-1-g345015f (webtiles) character file.

40 letownia2 the Conjurer (level 3, 0/19 HPs)
             Began as a Tengu Conjurer on Mar 5, 2018.
             Slain by a hobgoblin
             ... wielding a +0 club
              (4 damage)
             ... on level 1 of the Dungeon.
             The game lasted 00:02:24 (423 turns).

letownia2 the Conjurer (Tengu Conjurer)              Turns: 423, Time: 00:02:26

Health: 0/19       AC:  2    Str:  8    XL:     3   Next: 50%
Magic:  3/7        EV: 13    Int: 16    God:
Gold:   18         SH:  0    Dex: 14    Spells: 3/6 levels left

rFire    . . .     SeeInvis .   f - +0 dagger
rCold    . . .     Gourm    +   (no shield)
rNeg     . . .     Faith    .   a - +0 robe
rPois    .         Spirit   .   (helmet restricted)
rElec    .         Reflect  .   (no cloak)
rCorr    .         Harm     .   (no gloves)
MR       .....                  (boots unavailable)
Stlth    ++........             i - amulet of the gourmand
HPRegen  0.06/turn              (no ring)
MPRegen  0.10/turn              (no ring)

@: no status effects
A: beak, talons 3
a: no special abilities


You were on level 1 of the Dungeon.
You were not hungry.

You visited 1 branch of the dungeon, and saw 2 of its levels.

You collected 18 gold pieces.

Inventory:

Hand Weapons
 f - a +0 dagger (weapon)
Armour
 a - a +0 robe (worn)
Jewellery
 i - an amulet of the gourmand (around neck)
Scrolls
 d - 2 scrolls of remove curse {unknown}
 g - a scroll of enchant armour {unknown}
 h - a scroll of fear {unknown}
 j - 3 scrolls of identify {unknown}
Potions
 e - a potion of berserk rage {unknown}
Books
 b - a book of Conjurations

   Spells                             Type                      Level
   a - Magic Dart                     Conjuration                  1
   b - Searing Ray                    Conjuration                  2
   c - Dazzling Spray                 Conjuration/Hexes            3
   d - Fulminant Prism                Conjuration/Hexes            4
   e - Force Lance                    Conjuration/Translocation    4
   f - Iskenderun's Mystic Blast      Conjuration                  4
Comestibles
 c - 2 rations


   Skills:
 + Level 3.1 Dodging
 - Level 2.0 Stealth
 - Level 2.0 Spellcasting
 - Level 6.3 Conjurations


You had 3 spell levels left.
You knew the following spells:

 Your Spells              Type           Power        Failure   Level  Hunger
a - Magic Dart            Conj           ###.         1%          1    #......
l - Searing Ray           Conj           ###...       2%          2    ###....


Dungeon Overview and Level Annotations

Branches:
Dungeon (2/15)

Altars:
Ashenzari
Hepliaklqana

Annotations:
D:2 Sigmund


Innate Abilities, Weirdness & Mutations

You have a beak for a mouth.
You have claws for feet.


Message History

The bat hits you but does no damage. The bat hits you but does no damage.
The leopard gecko barely misses you.
A bat comes into view.
The leopard gecko barely misses you. The bat barely misses you.
Found 13 gold pieces.
A frilled lizard comes into view.
The bat closely misses you. The bat misses you.
Found 9 gold pieces and a lumpy orange potion.
A hobgoblin comes into view. It is wielding a club.
The bat barely misses you. The bat hits you but does no damage.
The leopard gecko bites you.
* * * LOW HITPOINT WARNING * * *
The hobgoblin shouts!
The bat completely misses you. The bat misses you.
You see here 9 gold pieces.
The bat barely misses you. The bat misses you. The bat barely misses you. x2
The hobgoblin hits you with a club.
You die...

#........#
#######........##.
..................
........#.#.....###
........#.#...$....
..........#.....###
.b.........Sg....#
l.....ggrl$lb@!..#
###+...#######......
#...####.. .....
###gr....... ....
#..........# ...
#..........# ##
#..........+
#..>.......#
#####..........#.


You could see 2 leopard geckos, 2 hobgoblins, a goblin, a bat, a ball python and
a rat.

Vanquished Creatures
  2 adders
  A ball python (D:2)
  5 bats
  A giant cockroach (D:2)
  3 goblins
  4 hobgoblins
  A frilled lizard (D:1)
  3 kobolds
  A rat (D:2)
21 creatures vanquished.

Notes
Turn   | Place    | Note
-------+----------+-------------------------------------------
     0 | D:1      | letownia2 the Tengu Conjurer began the quest for the Orb.
     0 | D:1      | Reached XP level 1. HP: 10/10 MP: 4/4
   119 | D:2      | Reached XP level 2. HP: 3/15 MP: 1/6
   126 | D:2      | Found a shattered altar of Ashenzari.
   144 | D:2      | Reached skill level 6 in Conjurations
   251 | D:2      | Found a hazy altar of Hepliaklqana.
   304 | D:1      | Learned a level 2 spell: Searing Ray
   365 | D:2      | Reached XP level 3. HP: 19/19 MP: 0/7
   367 | D:2      | Noticed Sigmund
   423 | D:1      | Slain by a hobgoblin

Skill      XL: |  1  2  3 |
---------------+----------+-----
Conjurations   | 6 |  6.3
Dodging        | 3 |  3.1
Stealth        | |  2.0
Spellcasting   | |  2.0

Action                   || total
-------------------------++-------
Melee: Unarmed           ||     6
       Kick              ||     4
       Dagger            ||    11
 Cast: Magic Dart        ||    40
Armor: Robe              ||    16
Dodge: Dodged            ||    53
